 Dungeon Crawl Stone Soup version 0.18-a0-1542-g9c1a92e (console) character file.

1170 Liam the Magician (level 8, -4/46 HPs)
             Began as a High Elf Wizard on Mar 7, 2016.
             Was an Initiate of Vehumet.
             Killed from afar by Pikel (31 damage)
             ... with a wand of lightning
             ... on level 5 of the Dungeon on Mar 10, 2016.
             The game lasted 00:10:14 (6153 turns).

Liam the Magician (High Elf Wizard)                 Turns: 6153, Time: 00:10:14

Health: -4/46      AC:  2    Str:  6    XL:     8   Next: 17%
Magic:  14/18      EV: 12    Int: 24    God:    Vehumet [......]
Gold:   291        SH:  0    Dex: 14    Spells: 5 memorised, 8 levels left

rFire  . . .     SeeInvis .     (no weapon)
rCold  . . .     Gourm    .     a - +0 robe
rNeg   . . .     Faith    .     (no shield)
rPois  .         Spirit   .     b - +0 hat
rElec  .         Dismiss  .     (no cloak)
rCorr  .         Reflect  .     (no gloves)
SustAt .         Harm     .     (no boots)
MR     +....                    (no amulet)
Stlth  ++........               s - ring of flight
                                x - ring of protection from magic

@: somewhat resistant to hostile enchantments, unstealthy
A: no striking features
a: Renounce Religion, Evoke Flight


You were on level 5 of the Dungeon.
You worshipped Vehumet.
Vehumet was noncommittal.
You were not hungry.

You visited 2 branches of the dungeon, and saw 6 of its levels.

You collected 291 gold pieces.

Inventory:

Armour
 a - a +0 robe (worn)
 b - a +0 hat (worn)
Jewellery
 g - an uncursed ring of ice
 s - a ring of flight (right hand)
 x - a ring of protection from magic (left hand)
Wands
 r - a wand of lightning (5/15)
Scrolls
 e - 3 scrolls of amnesia {unknown}
 f - 5 scrolls of enchant armour {unknown}
 h - 2 scrolls of teleportation {unknown}
 n - 5 scrolls of remove curse {unknown}
 p - 2 scrolls of identify {unknown}
 v - a scroll of noise {unknown}
Potions
 j - a potion of lignification {unknown}
 k - 2 potions of heal wounds
 l - 2 potions of curing {unknown}
 o - a potion of cancellation {unknown}
 u - 3 potions of berserk rage {unknown}
 z - a potion of brilliance {unknown}
Books
 c - a book of Minor Magic

   Spells                             Type                      Level
   a - Magic Dart                     Conjuration                  1
   b - Blink                          Translocation                2
   c - Call Imp                       Summoning                    2
   d - Repel Missiles                 Charms/Air                   2
   e - Slow                           Hexes                        2
   f - Conjure Flame                  Conjuration/Fire             3
   g - Mephitic Cloud                 Conjuration/Poison/Air       3
Comestibles
 d - 5 bread rations
 i - 4 fruits
 m - 2 beef jerkies
 q - a slice of pizza
 w - 2 meat rations


   Skills:
 - Level 2.1 Dodging
 - Level 2.1 Stealth
 + Level 6.0 Spellcasting
 + Level 4.6 Conjurations
 + Level 3.5 Charms
   Level 0.8 Summonings
 + Level 3.8 Translocations
 + Level 3.2 Fire Magic
 + Level 3.6 Air Magic
 + Level 2.5 Poison Magic


You had 8 spell levels left.
You knew the following spells:

 Your Spells              Type           Power        Failure   Level  Hunger
a - Magic Dart            Conj           ####         1%          1    None
b - Blink                 Tloc           N/A          2%          2    None
d - Mephitic Cloud        Conj/Pois/Air  ###.....     6%          3    #......
e - Conjure Flame         Conj/Fire      ####....     6%          3    #......
m - Repel Missiles        Chrm/Air       ###...       2%          2    None


Dungeon Overview and Level Annotations

Branches:
Dungeon (5/15)             Temple (1/1) D:5

Altars:
Ashenzari
Cheibriados
Elyvilon
Gozag
Kikubaaqudgha
Makhleb
Nemelex Xobeh
Okawaru
Pakellas
Qazlal
Ru
Trog
Vehumet
Yredelemnul
Zin
The Shining One

Annotations:
D:2 Robin, Sigmund
D:4 Uberwunderbarhen's ghost, amateur DsCK
D:5 Pikel


Message History

Pikel is too close now for your liking.
Pikel is nearby!
Pikel is nearby!
Pikel is nearby!
Casting: Magic Dart
Confirm with . or Enter, or press ? or * to list all spells.
Aiming: Magic Dart
Press: ? - help, Shift-Dir - straight line, f - Pikel
Aim: Pikel, wielding a whip of flaming, wearing a glowing robe and carrying a wand of lightning {zapped: 1} The magic dart hits Pikel.
Pikel says, "You'll fetch a fair price!"
Pikel zaps a wand.
The bolt of lightning hits you!
Casting: Magic Dart
Confirm with . or Enter, or press ? or * to list all spells.
Aiming: Magic Dart
Press: ? - help, Shift-Dir - straight line, f/p - Pikel
Aim: Pikel, wielding a whip of flaming, wearing a glowing robe and carrying a wand of lightning {zapped: 2} The magic dart hits Pikel.
Pikel zaps a wand.
The bolt of lightning hits you!
Ouch! That really hurt!
You die...

#.##......[...[...........###.#
##.##......#######.####.##.....#
..>....#...# #.# #.......<#
##.##.#_#.## #.# ####.....#
#.#...#..########.#### #.###.##
#....................# #.###...
#.........#######.##.####.#.####
###.....#..######.<##.......#.###
..##...##.K.....@..........###.##
#.###.###.#######.########..#.#..
#.# #.# #[# #.# #.#..#(#
#.###.##.#.#### #.########.#..#.#
#.##..#.###...# #.#..............
#.##.....#.##.# #.#.######.......
#.#..._...###.# #.#.#########....
#.#._..._.###.# #.#...........#.#
#..........##.# #.######.##.###.#


You could see Pikel.

Vanquished Creatures
  The ghost of JustSomeDude the Pure, a novice DsAK of Lugonu (D:5)
  4 slaves (D:5)
  A sky beast (Temple)
  2 ogres
  Blork the orc (Temple)
  A scorpion (D:3)
  A howler monkey (D:4)
  A jelly (D:5)
  A giant frog zombie (D:5)
  An orc priest (D:5)
  An iguana (D:5)
  2 orc wizards (D:5)
  2 worker ants
  4 adders
  A shadow imp (D:5)
  A worm (D:3)
  2 dart slugs
  6 giant geckos
  6 orcs
  2 ball pythons (D:2)
  4 giant cockroaches
  14 goblins
  7 hobgoblins
  8 jackals
  2 quokkas (D:2)
  8 bats
  4 giant newts
  A jackal skeleton (D:5)
  5 kobolds
  7 rats
101 creatures vanquished.

Notes
Turn   | Place    | Note
--------------------------------------------------------------
     0 | D:1      | Liam the High Elf Wizard began the quest for the Orb.
     0 | D:1      | Reached XP level 1. HP: 11/11 MP: 6/6
   135 | D:1      | Upgraded the game from 0.18-a0-1521-g59d19af to 0.18-a0-1542-g9c1a92e
   136 | D:1      | Reached XP level 2. HP: 17/17 MP: 4/7
   289 | D:1      | Reached skill level 4 in Spellcasting
   817 | D:2      | Noticed Robin
   835 | D:1      | Reached XP level 3. HP: 8/21 MP: 0/9
  1188 | D:2      | Noticed Sigmund
  1884 | D:2      | Learned a level 2 spell: Blink
  1887 | D:2      | Learned a level 2 spell: Repel Missiles
  1891 | D:2      | Learned a level 3 spell: Conjure Flame
  1895 | D:2      | Learned a level 3 spell: Mephitic Cloud
  1899 | D:2      | Reached XP level 4. HP: 27/27 MP: 8/11
  3023 | D:3      | Noticed an ogre
  3029 | D:3      | Killed an ogre
  3029 | D:3      | Reached skill level 5 in Spellcasting
  3029 | D:3      | Reached skill level 1 in Charms
  3029 | D:3      | Reached skill level 1 in Fire Magic
  3029 | D:3      | Reached skill level 1 in Air Magic
  3029 | D:3      | Reached XP level 5. HP: 31/31 MP: 5/13
  3416 | D:4      | Reached skill level 1 in Poison Magic
  3514 | D:3      | Reached XP level 6. HP: 3/36 MP: 9/14
  3976 | D:4      | Noticed Uberwunderbarhen's ghost (amateur DsCK)
  4279 | D:5      | Entered Level 5 of the Dungeon
  4492 | D:5      | Noticed JustSomeDude's ghost (novice DsAK)
  4598 | D:5      | Killed JustSomeDude's ghost
  4598 | D:5      | Reached XP level 7. HP: 7/41 MP: 4/16
  4952 | D:5      | Found a staircase to the Ecumenical Temple.
  4956 | D:5      | Noticed Blork the orc
  4961 | Temple   | Entered the Ecumenical Temple
  5148 | Temple   | Became a worshipper of Vehumet
  5178 | Temple   | Killed Blork the orc
  5257 | D:5      | Found a sparkling altar of Nemelex Xobeh.
  5340 | D:5      | Reached XP level 8. HP: 34/46 MP: 3/17
  5442 | D:5      | Found an ancient bone altar of Kikubaaqudgha.
  5444 | D:5      | Found an iron altar of Okawaru.
  5444 | D:5      | Found a bloodstained altar of Trog.
  5444 | D:5      | Found a shattered altar of Ashenzari.
  5448 | D:5      | Noticed Pikel
  5710 | D:5      | Found a glowing silver altar of Zin.
  5713 | D:5      | Found a glowing golden altar of the Shining One.
  5746 | D:5      | Reached skill level 6 in Spellcasting
  5858 | D:5      | Found a sacrificial altar of Ru.
  5858 | D:5      | Found a burning altar of Makhleb.
  6041 | D:5      | Found an iron altar of Okawaru.
  6153 | D:5      | Killed from afar by Pikel

Vault maps used:
D:1:      minmay_arrival_three_doors, minmay_misc_feat_tiny, dk_noncrumbling_2,
          minmay_misc_feat_rows, bh_walls_and_bars
D:2:      uniq_sigmund, uniq_robin
D:4:      first_bread
D:5:      grunt_temple_overflow_open, gammafunk_temple_overflow_elements,
          temple_fountains, basic_altar, st_stairs_4, okawaru_metal_pillars_1_2,
          uniq_blork_the_orc, uniq_pikel
Temple:   minmay_temple_bridge_d_8

Skill      XL: |  1  2  3  4  5  6  7  8 |
---------------+-------------------------+-----
Conjurations   | 2 3 4 |  4.6
Spellcasting   | 4 5 6 |  6.0
Charms         | 1 2 3 |  3.5
Fire Magic     | 1 2 3 |  3.2
Air Magic      | 1 2 3 |  3.6
Poison Magic   | 1 2 |  2.5
Translocations | 2 3 |  3.8
Dodging        | |  2.1
Stealth        | |  2.1
Summonings     | |  0.8

Action                   |  1- 3 |  4- 6 |  7- 9 || total
-------------------------+-------+-------+-------++-------
Melee: Unarmed           |     8 |     1 |     1 ||    10
 Cast: Magic Dart        |   103 |   123 |    88 ||   314
       Blink             |       |     4 |     5 ||     9
       Conjure Flame     |       |     1 |     2 ||     3
       Mephitic Cloud    |       |       |     6 ||     6
  Use: Potion            |       |     2 |       ||     2
  Eat: Chunk             |     3 |     8 |     5 ||    16
